 Dungeon Crawl Stone Soup version 0.26.1-2-gb8aa6d0cf2 (webtiles) character file.

Game seed: 12390968551961346665

14 Groucho the Sneak (level 2, -1/13 HPs)
             Began as a Spriggan Enchanter on Feb 25, 2021.
             Slain by a hobgoblin
             ... wielding a cursed -3 club
              (5 damage)
             ... on level 1 of the Dungeon.
             The game lasted 00:01:25 (808 turns).

Groucho the Sneak (Spriggan Enchanter)               Turns: 808, Time: 00:01:27

Health: -1/13      AC:  2    Str:  4    XL:     2   Next: 27%
Magic:  6/6        EV: 18    Int: 16    God:
Gold:   20         SH:  0    Dex: 16    Spells: 5/6 levels left

rFire    . . .     SeeInvis +   a - +1 dagger
rCold    . . .     Faith    .   (shield restricted)
rNeg     . . .     Spirit   .   b - +0 robe
rPois    .         Reflect  .   (helmet restricted)
rElec    .         Harm     .   (no cloak)
rCorr    .         Rampage  .   (gloves unavailable)
Will     .....                  (boots unavailable)
Stlth    +++.......             (no amulet)
HPRegen  0.04/turn              (no ring)
MPRegen  0.10/turn              (no ring)

@: very quick
A: very small, unfitting armour, see invisible, speed 3
a: no special abilities


You were on level 1 of the Dungeon.
You visited 1 branch of the dungeon, and saw 1 of its levels.

You collected 20 gold pieces.

Inventory:

Hand Weapons
 a - a +1 dagger (weapon)
Armour
 b - a +0 robe (worn)
Jewellery
 e - an uncursed ring of flight {unknown}
Scrolls
 c - a scroll of enchant weapon {unknown}
 f - a scroll of identify {unknown}
Potions
 d - 2 potions of flight {unknown}


   Skills:
 - Level 1.1 Short Blades
 - Level 3.0 Dodging
 * Level 5.7 Stealth
 - Level 2.6 Spellcasting
 - Level 3.6 Hexes


You had 5 spell levels left.
You knew the following spells:

 Your Spells              Type           Power        Failure   Level
a - Corona                Hex            14%          4%          1

Your spell library contained the following spells:

 Spells                   Type           Power        Failure   Level
 Confusing Touch          Hex            13%          13%         3
 Tukima's Dance           Hex            13%          13%         3
 Ensorcelled Hibernation  Hex/Ice        14%          14%         2
 Dazzling Flash           Conj/Hex       14%          28%         3


Dungeon Overview and Level Annotations

Branches:
Dungeon (1/15)

Altars:


Innate Abilities, Weirdness & Mutations

You are very small and have problems with some larger weapons.
You are too small for most types of armour.
You have supernaturally acute eyesight. (SInv)
You cover ground extremely quickly.


Message History

The jackal misses you.
Unknown command.
You barely miss the jackal.
The jackal is almost dead.
The jackal bites you. The giant cockroach bites you. The jackal misses you.
The jackal splashes around in the water.
Unknown command.
Unknown command.
You hit the giant cockroach.
You kill the giant cockroach!
The jackal splashes around in the water.
The jackal misses you.
Unknown command.
You hit the hobgoblin.
The hobgoblin is severely wounded.
The jackal completely misses you.
The jackal splashes around in the water.
The jackal bites you but does no damage.
The hobgoblin hits you with a cursed -3 club.
You die...

#....# #....#######
..........# #.........#
####..g......# ..........>.#
######......h..#
P♣♣♣♣♣♣@g.......$h...#
♣≈≈≈≈≈h≈h≈≈...#####.##
PP≈≈≈♣≈≈≈≈♣♣≈..# P≈P≈≈≈
≈≈P≈≈≈≈≈≈≈P♣≈≈♣♣.#
≈♣P≈≈≈≈P≈P≈≈≈≈≈≈≈PP≈≈PP≈♣
♣≈≈≈≈♣≈≈≈≈≈≈≈≈≈≈≈≈♣P≈≈≈≈♣♣
≈P≈≈≈≈≈≈≈≈≈≈≈≈≈≈≈≈≈≈≈≈≈≈≈♣♣
...
≈≈≈≈PP≈≈≈≈≈≈≈≈≈≈≈≈≈≈≈≈≈♣≈P♣#
..
≈≈P≈♣≈≈≈≈≈≈≈≈≈≈≈≈≈≈≈≈≈≈≈≈≈≈#
..


You could see 2 jackals and a hobgoblin.

Vanquished Creatures
  2 ball pythons (D:1)
  A bat (D:1)
  A giant cockroach (D:1)
  3 goblins (D:1)
  A jackal (D:1)
  2 kobolds (D:1)
  A frilled lizard (D:1)
  A rat (D:1)
12 creatures vanquished.

Notes
Turn   | Place    | Note
-------+----------+-------------------------------------------
     0 | D:1      | Groucho the Spriggan Enchanter began the quest for the Orb.
     0 | D:1      | Reached XP level 1. HP: 9/9 MP: 5/5
    74 | D:1      | Reached skill level 5 in Stealth
   278 | D:1      | Reached XP level 2. HP: 13/13 MP: 6/6
   808 | D:1      | Slain by a hobgoblin

Illustrated notes

Levels and vault maps discovered:
D:1:      amcnicky_arrival_abandoned_market, layout_basic, serial_bayou,
          serial_bayou_lake_a, serial_bayou_shore_a, serial_bayou_lagoon_a,
          serial_bayou_shore_b, corner_web_ring, st_stairs_3

Skill      XL: |  1 |
---------------+----+-----
Stealth        | 5 |  5.7
Short Blades   | |  1.1
Dodging        | |  3.0
Spellcasting   | |  2.6
Hexes          | |  3.6

Action                   || total
-------------------------++-------
Melee: Dagger            ||    46
Armor: Robe              ||    10
Dodge: Dodged            ||    54
